 Dungeon Crawl Stone Soup version 0.31.0 (webtiles) character file.

Game seed: 11736239410754898872

164 Sobieck the Shooter (level 5, 0/38 HPs)
             Began as a Mummy Hunter on Jan 19, 2024.
             Killed from afar by an orc wizard (15 damage)
             ... with a puff of flame
             ... on level 3 of the Dungeon.
             The game lasted 00:05:27 (2298 turns).

Sobieck the Shooter (Mummy Hunter)                  Turns: 2298, Time: 00:05:28

Health: 0/38       AC:  3    Str: 15    XL:     5   Next: 21%
Magic:  5/5        EV: 12    Int:  8    God:
Gold:   127        SH:  0    Dex: 17    Spells: 4/4 levels left

rFire   x . .        a - +0 shortbow
rCold   + . .        (shield currently unavailable)
rNeg    + + +        c - +0 leather armour
rPois   ∞            (no helmet)
rElec   .            (no cloak)
rCorr   .            (no gloves)
SInv    .            (no boots)
Will    .....        (no amulet)
Stlth   ++           (no ring)
HPRegen 0.26/turn    (no ring)
MPRegen 0.09/turn

%: faith
@: no status effects
A: cold resistance 1, negative energy resistance 3, torment resistance 2, heat
vulnerability 1, in touch with death 1, no potions, faith
a: no special abilities


You were on level 3 of the Dungeon.
You visited 1 branch of the dungeon, and saw 3 of its levels.

You collected 127 gold pieces.

Inventory:

Hand Weapons
 a - a +0 shortbow (weapon)
Armour
 c - a +0 leather armour (worn)
Scrolls
 d - a scroll of teleportation {unknown}
 e - a scroll of fog {unknown}
 f - 3 scrolls of identify {unknown}
 g - 2 scrolls of immolation
 h - a scroll of noise {unknown}
 i - a scroll of enchant armour {unknown}
 j - a scroll of poison {unknown}


   Skills:
 - Level 2.0 Fighting
 + Level 5.4 Ranged Weapons
 - Level 1.5 Dodging
 - Level 0.7 Stealth


You had 4 spell levels left.
You didn't know any spells.
Your spell library contained the following spells:

 Spells                   Type           Power      Damage    Failure   Level
 Apportation              Tloc           0%         N/A       47%         1
 Blink                    Tloc           0%         N/A       63%         2
 Jinxbite                 Hex            0%         N/A       63%         2
 Lesser Beckoning         Tloc           0%         N/A       63%         2
 Momentum Strike          Conj/Tloc      0%         3d8       63%         2
 Alistair's Intoxication  Alch           0%         N/A       100%        5


Dungeon Overview and Level Annotations

Branches:
Dungeon (3/15)

Altars:


Innate Abilities, Weirdness & Mutations

You are immune to poison.
Your flesh is cold resistant. (rC+)
You are immune to negative energy. (rN+++)
You are immune to unholy pain and torment.
You are vulnerable to heat. (rF-)
You are in touch with the powers of death.
You do not drink.
You have a special connection with the divine. (Faith)


Message History

The orc is severely wounded.
The orc wizard mumbles some strange words.
The orc wizard flickers and vanishes!
Deactivating autopickup; reactivate with Ctrl-A.
You shoot an arrow. The arrow hits the orc.
The orc is almost dead.
You shoot an arrow.
The arrow hits the orc but does no damage.
The orc is almost dead.
The orc barely misses you.
You shoot an arrow. The arrow closely misses the orc.
The arrow hits the orc!
You kill the orc!
The orc hits you but does no damage.
You shoot an arrow. The arrow hits the orc.
You kill the orc!
A magic dart appears from out of thin air!
The magic dart hits you!
A puff of flame appears from out of thin air!
The puff of flame misses you.
You are confused.
You're too confused to move!
Something tries to affect you, but you resist.
Unknown command.
Unknown command.
You bump into the rock wall.
A magic dart appears from out of thin air!
The magic dart hits you.
Danger!
You're too confused to move!
You feel less confused.
Unknown command.
Something hits you but does no damage.
Danger!
Unknown command.
A magic dart appears from out of thin air!
The magic dart hits you!
Danger!
A magic dart appears from out of thin air!
The magic dart hits you.
Danger!
As you read the scroll labelled YMIUNL MUISENU, it crumbles to dust.
The creatures around you are filled with an inner flame!
It was a scroll of immolation.
You see here a ribbon worm corpse.
Danger!
A puff of flame appears from out of thin air!
The puff of flame hits you. The fire burns you terribly!
A puff of flame appears from out of thin air!
The puff of flame hits you! The fire burns you terribly!
You die...

#.#.....##......
###............##.
#.........##...##.
#........†##...##.
#.........##...###
#......)..##...###
#########.###.##..
##########.###.##.#
#<@...{......#.##..
###################..............
#................##..###.###'####
##.#############.##..# #......# #
#.............#.##..# #......+ .
#.#.#########.#.##..# #......###
#.#.# #.........##..###.###### #
#.#.# #.###..............# #
#.#.# #.# #......#..#....#### #


There were no monsters in sight!

Vanquished Creatures
  An orc priest (D:3)
  A bombardier beetle (D:2)
  3 adders
  3 ribbon worms
  A dart slug (D:1)
  7 orcs
  8 endoplasms
  4 giant cockroaches (D:1)
  3 goblins
  3 hobgoblins
  2 jackals (D:2)
  5 kobolds
  A quokka (D:1)
  5 ball pythons
  5 bats
  2 frilled lizards
  4 rats
58 creatures vanquished.

Notes
Turn   | Place    | Note
-------+----------+-------------------------------------------
     0 | D:1      | Sobieck the Mummy Hunter began the quest for the Orb.
     0 | D:1      | Reached XP level 1. HP: 16/16 MP: 1/1
   235 | D:1      | Reached XP level 2. HP: 22/22 MP: 2/2
   493 | D:1      | Reached skill level 4 in Ranged Weapons
   680 | D:1      | Reached XP level 3. HP: 27/27 MP: 3/3
   886 | D:2      | Found a faded altar of an unknown god.
  1407 | D:2      | Reached XP level 4. HP: 33/33 MP: 4/4
  1753 | D:3      | Reached skill level 5 in Ranged Weapons
  2070 | D:3      | Reached XP level 5. HP: 15/38 MP: 5/5
  2298 | D:3      | Killed from afar by an orc wizard

Illustrated notes

Levels and vault maps discovered:
D:1:      amcnicky_arrival_flooded_fountain, layout_basic
D:2:      layout_basic, basic_ecumenical_altar, minivault_23,
          small_statue_intersection
D:3:      layout_basic, nicolae_vehumet_radiance, moated_statue,
          chequers_arboretum, minmay_misc_feat_tiny

Skill      XL: |  1  2  3  4 |
---------------+-------------+-----
Ranged Weapons | 4 5 |  5.4
Fighting       | |  2.0
Dodging        | |  1.5
Stealth        | |  0.7

Action                     |  1- 3 |  4- 6 || total
---------------------------+-------+-------++-------
   Fire: Shortbow          |   111 |    91 ||   202
    Use: Scroll            |       |     2 ||     2
 Armour: Leather armour    |    28 |    41 ||    69
  Dodge: Dodged            |    26 |    30 ||    56
